 Dungeon Crawl Stone Soup version 0.16-a0-3049-g2a447e9 (webtiles) character file.

1480 Chiseanne the Skirmisher (level 8, 0/64 HPs)
             Began as a Demonspawn Wanderer on Dec 9, 2014.
             Was a Follower of Okawaru.
             Succumbed to a scorpion's poison
             ... on level 6 of the Dungeon.
             The game lasted 00:20:20 (5027 turns).

Chiseanne the Skirmisher (Demonspawn Wanderer)      Turns: 5027, Time: 00:20:20

Health: 0/64       AC: 16    Str: 12    XL:     8   Next: 50%
Magic:  8/8        EV: 11    Int: 12    God:    Okawaru [*.....]
Gold:   335        SH:  0    Dex: 15    Spells: 0 memorised, 7 levels left

rFire  + . .     SeeInvis .     a - +4 dagger (drain)
rCold  . . .     Clarity  .     i - +4 scale mail "Jydwytte" {+Rage rCorr}
rNeg   . . .     SustAb   +     (no shield)
rPois  .         Gourm    +     (helmet restricted)
rElec  .         Spirit   .     (no cloak)
rCorr  +         Warding  .     v - +0 pair of gloves
rMut   .         Stasis   .     (no boots)
MR     .....                    o - amulet of the gourmand
Stlth  ++........               q - ring of protection from fire
                                l - ring of sustain abilities

@: lethally poisoned, not resistant to hostile enchantments, unstealthy
A: horns 2, iridescent scales 1, dopey 1, nightstalker 1, powered by death 2,
wild magic 1, evolution 1
a: Heroism, Renounce Religion, Evoke Berserk Rage


You were on level 6 of the Dungeon.
You worshipped Okawaru.
Okawaru was aware of your devotion.
You were full.

You visited 1 branch of the dungeon, and saw 6 of its levels.

You collected 335 gold pieces.

Inventory:

Hand weapons
 a - a +4 dagger of draining (weapon)
 w - a +2 hand crossbow
Missiles
 c - 3 tomahawks
 d - 2 bolts
 j - 197 stones (quivered)
 n - 52 arrows
 y - 24 sling bullets
Armour
 i - the +4 scale mail "Jydwytte" (worn) {+Rage rCorr}
   (You took it off Duvessa on level 5 of the Dungeon)

   It lets you go berserk.
   It protects you from acid and corrosion.
 v - a +0 pair of gloves (worn)
 C - a +0 chain mail of poison resistance
Jewellery
 b - an uncursed ring of wizardry
 l - a ring of sustain abilities (left hand)
 o - an amulet of the gourmand (around neck)
 q - a ring of protection from fire (right hand)
Magical devices
 s - a wand of fire (14)
Scrolls
 e - 7 scrolls of magic mapping
 g - 4 scrolls of remove curse
 m - a scroll of amnesia
 p - 4 scrolls of teleportation
Potions
 B - a potion of restore abilities
Comestibles
 f - 3 bread rations
 k - 3 fruits
 r - a beef jerky
 z - a meat ration


   Skills:
 * Level 6.2 Fighting
 - Level 1.6 Short Blades
 - Level 2.9 Crossbows
 - Level 1.0 Throwing
 * Level 5.6 Armour
 * Level 5.4 Dodging
 * Level 3.1 Stealth


You had 7 spell levels left.
You didn't know any spells.

Dungeon Overview and Level Annotations

Branches:
Dungeon (6/15)
 Temple: D:4-7

Altars:
Okawaru
Trog


Innate Abilities, Weirdness & Mutations

You have a pair of horns on your head.
You are partially covered in iridescent scales (AC +4).
You are slightly more attuned to the shadows.
You can steal the life force of defeated enemies.
You are dopey. (Int -2)
Your spells are a little harder to cast, but a little more powerful.
You evolve.


Message History

You feel extremely strange.
You feel less in control of your magic.
You feel nature experimenting on you.
Don't worry, failures die fast.
You feel stupid.
* * * LOW HITPOINT WARNING * * *
You feel sick.
Read which item? (? for menu, Esc to quit)
Okay, then.
* * * LOW HITPOINT WARNING * * *
You feel sick.
Found a scroll of teleportation.
* * * LOW HITPOINT WARNING * * *
You feel sick.
* * * LOW HITPOINT WARNING * * *
You feel sick.
A giant frog comes into view.
* * * LOW HITPOINT WARNING * * *
You feel sick.
The giant frog gives a loud, deep croak!
You die...

.## .....##
.........##
.....F....#
............#
............#
.^^.......^..#
..^...^@.....#
....^....(..##
^......^.^.##
?.(...^.^..##
....(.(.....#
(...^(((....#
#...^..#...##
###
..#####...##....
#..........


You could see a giant frog.

Vanquished Creatures
  Grinder (D:5)
  A sky beast (D:6)
  A necrophage (D:5)
  A phantom (D:4)
  Duvessa (D:5)
  A giant frog (D:2)
  A wyvern zombie (D:4)
  2 scorpions
  Dowan (D:5)
  A crimson imp (D:5)
  5 orc priests
  4 orc wizards
  4 worker ants
  A hound zombie (D:5)
  Terence (D:2)
  6 adders
  3 gnolls (D:4)
  5 giant mites
  5 worms
  A giant gecko (D:5)
  2 oozes (D:4)
  16 orcs
  2 ball pythons (D:1)
  10 hobgoblins
  9 bats
  2 giant newts
  6 goblins
  2 jackals (D:4)
  11 kobolds
  4 quokkas
  3 quokka skeletons
  12 rats
125 creatures vanquished.

Notes
Turn   | Place    | Note
--------------------------------------------------------------
     0 | D:1      | Chiseanne, the Demonspawn Wanderer, began the quest for the Orb.
     0 | D:1      | Chiseanne set off with: a +2 hand crossbow, a +0 ring mail, a potion of lignification, 28 bolts, a bread ration
     0 | D:1      | Reached XP level 1. HP: 21/21 MP: 1/1
   244 | D:1      | Gained mutation: You have a pair of small horns on your head. [demonic ancestry]
   244 | D:1      | Reached XP level 2. HP: 27/27 MP: 2/2
   752 | D:2      | Gained mutation: You can steal the life force of nearby defeated enemies. [demonic ancestry]
   752 | D:2      | Reached XP level 3. HP: 28/33 MP: 3/3
  1357 | D:2      | Reached XP level 4. HP: 39/39 MP: 4/4
  1520 | D:2      | Noticed Terence
  1523 | D:2      | Killed Terence
  1920 | D:3      | Noticed a giant frog
  1952 | D:2      | Killed a giant frog
  1952 | D:2      | Reached skill level 1 in Short Blades
  1952 | D:2      | Gained mutation: You have a pair of horns on your head. [demonic ancestry]
  1952 | D:2      | Reached XP level 5. HP: 36/45 MP: 5/5
  2429 | D:3      | Found an iron altar of Okawaru.
  2442 | D:3      | Became a worshipper of Warmaster Okawaru
  2500 | D:3      | Gained mutation: You are slightly more attuned to the shadows. [demonic ancestry]
  2500 | D:3      | Reached XP level 6. HP: 52/52 MP: 6/6
  2947 | D:4      | Found a bloodstained altar of Trog.
  3352 | D:4      | Gained mutation: You are partially covered in iridescent scales (AC +4). [demonic ancestry]
  3352 | D:4      | Reached XP level 7. HP: 49/57 MP: 7/7
  3806 | D:4      | Reached skill level 6 in Fighting
  3955 | D:5      | Entered Level 5 of the Dungeon
  3981 | D:5      | Noticed Duvessa
  4011 | D:5      | Killed Duvessa
  4013 | D:5      | Got a dazzling scale mail
  4050 | D:4      | Identified the +4 scale mail "Jydwytte" {+Rage rCorr} (You took it off Duvessa on level 5 of the Dungeon)
  4091 | D:5      | Noticed Dowan
  4122 | D:5      | Noticed Grinder
  4133 | D:5      | Killed Dowan
  4156 | D:5      | Paralysed by Grinder for 6 turns
  4168 | D:5      | Paralysed by Grinder for 5 turns
  4179 | D:5      | Killed Grinder
  4179 | D:5      | Acquired Okawaru's first power
  4179 | D:5      | Gained mutation: You can steal the life force of defeated enemies. [demonic ancestry]
  4179 | D:5      | Reached XP level 8. HP: 39/64 MP: 8/8
  4490 | D:5      | Reached skill level 5 in Armour
  4657 | D:5      | Reached skill level 5 in Dodging
  5022 | D:6      | Gained mutation: Your spells are a little harder to cast, but a little more powerful. [potion of mutation]
  5022 | D:6      | Gained mutation: You evolve. [potion of mutation]
  5022 | D:6      | Gained mutation: You are dopey. (Int -2) [potion of mutation]
  5025 | D:6      | HP: 2/64 [poisoned by a scorpion]
  5027 | D:6      | Succumbed to a scorpion's poison

Action                   |  1- 3 |  4- 6 |  7- 9 || total
-------------------------+-------+-------+-------++-------
Melee: Dagger            |       |    68 |    54 ||   122
 Fire: Hand crossbow     |    78 |   129 |   150 ||   357
  Use: Scroll            |       |    12 |     2 ||    14
       Potion            |       |     2 |     8 ||    10
  Eat: Chunk             |     1 |    14 |     5 ||    20
